 Dungeon Crawl Stone Soup version 0.26-a0-800-g517d6fe721 (webtiles) character file.

Game seed: 6513356563606456812

13485 Kinoniko the Severer (level 12, -3/198 HPs)
             Began as an Ogre Berserker on Nov 11, 2020.
             Was a High Priest of Trog.
             Slain by a wolf (4 damage)
             ... on level 11 of the Dungeon.
             The game lasted 00:17:15 (13857 turns).

Kinoniko the Severer (Ogre Berserker)              Turns: 13857, Time: 00:17:15

Health: -3/198     AC:  4    Str: 37    XL:     12   Next: 6%
Magic:  12/12      EV: 10    Int:  8    God:    Trog [*****.]
Gold:   723        SH:  0    Dex:  8    Spells: 11/11 levels left

rFire    . . .     SeeInvis .   L - +7 giant spiked club
rCold    . . .     Faith    .   (shield currently unavailable)
rNeg     . . .     Spirit   .   z - +1 robe of the Morning Star {rF+ rCorr}
rPois    .         Reflect  .   (helmet restricted)
rElec    .         Harm     +   t - scarf {harm}
rCorr    +         Rampage  .   (gloves unavailable)
MR       +....                  (boots unavailable)
Stlth    ..........             (no amulet)
HPRegen  0.43/turn              C - ring of Zodaixum {rF- Str+9 Slay+4}
MPRegen  0.13/turn              A - +4 ring of slaying

@: berserking, very quick
A: large, unfitting armour, tough skin 1
a: Berserk, Trog's Hand, Brothers in Arms, Renounce Religion


You were on level 11 of the Dungeon.
You worshipped Trog.
Trog was extremely pleased with you.
You visited 2 branches of the dungeon, and saw 13 of its levels.

You collected 842 gold pieces.
You spent 119 gold pieces at shops.

Inventory:

Hand Weapons
 a - a +0 hand axe
 q - a +1 war axe
 L - a +7 giant spiked club (weapon)
Armour
 b - a +0 animal skin
 t - a scarf of harm (worn)
 x - a +2 robe of magic resistance
 y - a +0 kite shield
 z - the +1 robe of the Morning Star (worn) {rF+ rCorr}
   (You bought it in a shop on level 7 of the Dungeon)

   It protects you from fire.
   It provides partial protection from all sources of acid and corrosion.
Jewellery
 l - an uncursed ring of protection from cold
 s - an uncursed ring of ice
 v - an uncursed ring of stealth {unknown}
 A - a +4 ring of slaying (right hand)
 B - an uncursed ring of flight
 C - the ring of Zodaixum (left hand) {rF- Str+9 Slay+4}
   (You found it on level 9 of the Dungeon)

   [ring of slaying]

   It affects your strength (+9).
   It affects your accuracy and damage with ranged weapons and melee attacks
   (+4).
   It makes you vulnerable to fire.
 E - an uncursed amulet of reflection
 H - an uncursed ring of see invisible
 I - an uncursed ring of ice
 O - an uncursed ring of resist corrosion
Wands
 d - a wand of digging (7)
 F - a wand of random effects (26)
 G - a wand of iceblast (11)
Scrolls
 c - 13 scrolls of remove curse
 f - a scroll of silence
 j - a scroll of fog
 m - 4 scrolls of immolation
 n - 6 scrolls of teleportation
 u - 4 scrolls of enchant armour
Potions
 e - 4 potions of flight
 g - a potion of magic {unknown}
 h - 7 potions of curing {unknown}
 i - 2 potions of heal wounds
 k - a potion of lignification {unknown}
 o - 2 potions of mutation {unknown}
 p - 5 potions of degeneration {unknown}
 r - a potion of cancellation {unknown}
 w - 2 potions of berserk rage {unknown}
 D - a potion of invisibility
 K - a potion of might
 M - a potion of ambrosia {unknown}
 N - a potion of attraction {unknown}


   Skills:
 + Level 12.0 Fighting
 - Level 15.3(15.7) Axes
 * Level 5.1(10.7) Maces & Flails
 - Level 2.6 Dodging


You had 11 spell levels left.
You didn't know any spells.
Your spell library contained the following spells:

 Spells                   Type           Power        Failure   Level
 Magic Dart               Conj           #...         41%         1
 Blink                    Tloc           N/A          54%         2
 Call Imp                 Summ           #.......     54%         2
 Slow                     Hex            #.......     54%         2
 Conjure Flame            Conj/Fire      #.......     78%         3
 Mephitic Cloud           Conj/Pois/Air  #.......     78%         3
 Ice Form                 Ice/Tmut       #.......     99%         4
 Metabolic Englaciation   Hex/Ice        #.........   100%        5
 Freezing Cloud           Conj/Ice/Air   #.........   100%        6
 Ozocubu's Refrigeration  Ice            #.........   100%        6
 Simulacrum               Ice/Necr       #.........   100%        6


Dungeon Overview and Level Annotations

Branches:
Dungeon (12/15)            Temple (0/1) D:4            Lair (1/6) D:11
    Orc (0/2) D:10

Altars:
Cheibriados
Dithmenos
Fedhas
Hepliaklqana
Makhleb
Ru
Sif Muna
Uskayaw
Xom

Shops:
D:7 [   D:9 }

Annotations:
D:3 3 runed translucent doors, Kinoniko's ghost, amateur GnMo; stripedtigrrr's ghost, amateur TeSu
D:4 1 runed translucent door, Askman's ghost, amateur DsFi


Innate Abilities, Weirdness & Mutations

You are too large for most types of armour.
You have tough skin. (AC +1)


Message History

You feel yourself moving faster!
You feel mighty! The wolf barely misses you. The wolf bites you.
* * * LOW HITPOINT WARNING * * *
The wolf bites you!
* * * LOW HITPOINT WARNING * * *
The wolf bites you.
* * * LOW HITPOINT WARNING * * *
You sock the wolf!
The wolf is almost dead.
The wolf closely misses you. The wolf bites you.
* * * LOW HITPOINT WARNING * * *
The wolf bites you.
* * * LOW HITPOINT WARNING * * *
You are too berserk!
You hammer the wolf like a gong!!!
You kill the wolf!
Trog accepts your kill.
Your Fighting skill increases to level 12!
The wolf bites you.
You die...

#..# #........#
#........# #..#
#........######........#
#..#
#............##........#
#..#
#.....###....##........#
#..#
#..#...≈...#..#........#
#..#
#.#..#...#..#..........#
#..#
#.#.##...##.###........#
#..# #.#...P.h...#
#........# #..#
#.#≈..P@PP.≈# #........#
#..# #.#..PP†P...#
#.....[..# #..#
#.#.##...##.# #........#
#..#
#.#..#...#..###........#
#..#
#..#...≈...#.##........#
#..#
#.....###....##........#
#..#
#............##.....)..#
#..#
#..####..#.............#
#..#####..#
##.######........#


You could see a wolf.

Vanquished Creatures
  Fannar (D:11)
  Erolcha (D:12)
  Nergalle (D:12)
  Pikel (D:5)
  3 unseen horrors
  An ugly thing (D:11)
  A cyclops (D:12)
  2 slime creatures (D:12)
  An oklob plant (D:11)
  A centaur zombie (D:9)
  A troll (D:11)
  Sigmund (D:3)
  Eustachio (D:6)
  4 wraiths
  A wyvern (D:10)
  5 yaks (D:9)
  A steam dragon (D:9)
  A vampire mosquito (D:12)
  Menkaure (D:6)
  Duvessa (D:6)
  3 sky beasts
  5 orc warriors
  2 eyes of draining
  An ice beast (D:11)
  4 phantoms
  3 ogres
  3 wolves
  5 centaurs
  4 lemures (D:5)
  6 bullfrogs
  A gnoll sergeant (D:8)
  A wyvern skeleton (D:12)
  A water moccasin skeleton (D:11)
  Dowan (D:6)
  3 scorpions
  A wight (D:12)
  5 killer bees (D:7)
  7 howler monkeys
  A bullfrog zombie (D:8)
  A quasit (D:10)
  4 hounds
  2 bullfrog skeletons
  A jelly (D:7)
  5 orc priests
  A gnoll shaman (D:7)
  3 orc wizards
  Crazy Yiuf (D:5)
  2 centaur skeletons
  Jessica (D:3)
  An iguana (D:10)
  12 worker ants
  A hound zombie (D:5)
  A hound skeleton (D:7)
  A worker ant zombie (D:7)
  20 adders
  8 gnolls
  A howler monkey zombie (D:6)
  A white imp (D:7)
  An ufetubus (D:5)
  An ooze (D:3)
  2 adder skeletons (D:6)
  4 worms
  2 dart slugs
  7 leopard geckos
  25 orcs
  9 bats
  7 giant cockroaches
  7 goblins
  2 hobgoblins (D:1)
  10 jackals
  2 quokkas
  9 kobolds
  3 leopard gecko skeletons
  A leopard gecko zombie (D:6)
  4 rats
250 creatures vanquished.

Vanquished Creatures (others)
  4 plants (D:11)
4 creatures vanquished.

Grand Total: 254 creatures vanquished

Notes
Turn   | Place    | Note
-------+----------+-------------------------------------------
     0 | D:1      | Kinoniko the Ogre Berserker began the quest for the Orb.
     0 | D:1      | Reached XP level 1. HP: 24/24 MP: 1/1
    72 | D:1      | Reached XP level 2. HP: 21/32 MP: 2/2
   402 | D:1      | Reached skill level 4 in Axes
   402 | D:1      | Reached XP level 3. HP: 39/39 MP: 3/3
   663 | D:1      | Reached ** piety under Trog
  1689 | D:2      | Found a shimmering blue altar of Sif Muna.
  1692 | D:2      | Found a shadowy altar of Dithmenos.
  1695 | D:2      | Found a snail-covered altar of Cheibriados.
  1715 | D:3      | Noticed Jessica
  1741 | D:3      | Killed Jessica
  1741 | D:3      | Reached skill level 5 in Axes
  1741 | D:3      | Reached XP level 4. HP: 33/48 MP: 4/4
  2313 | D:3      | Found a blossoming altar of Fedhas.
  2553 | D:3      | Noticed stripedtigrrr's ghost (amateur TeSu)
  2553 | D:3      | Noticed Kinoniko's ghost (amateur GnMo)
  2554 | D:3      | Found a runed translucent gate.
  2554 | D:3      | Found a runed translucent gate.
  2554 | D:3      | Found a runed translucent gate.
  2617 | D:3      | Reached XP level 5. HP: 54/54 MP: 5/5
  2683 | D:3      | Found a hazy altar of Hepliaklqana.
  2684 | D:3      | Found a shimmering altar of Xom.
  2685 | D:3      | Noticed a spectral ugly thing
  2763 | D:3      | Noticed Sigmund
  2786 | D:3      | HP: 2/54 [something (7)]
  2788 | D:3      | Killed Sigmund
  2788 | D:3      | Reached skill level 6 in Axes
  2788 | D:3      | Reached XP level 6. HP: 2/62 MP: 6/6
  3454 | D:4      | Reached skill level 7 in Axes
  3881 | D:4      | Reached XP level 7. HP: 70/70 MP: 7/7
  4055 | D:4      | Found a runed translucent door.
  4055 | D:4      | Noticed Askman's ghost (amateur DsFi)
  4187 | D:4      | Found a staircase to the Ecumenical Temple.
  4305 | D:5      | Entered Level 5 of the Dungeon
  4482 | D:5      | Reached skill level 8 in Axes
  4748 | D:5      | Noticed Pikel
  4767 | D:5      | Killed Pikel
  4767 | D:5      | Reached skill level 9 in Axes
  4767 | D:5      | Reached XP level 8. HP: 36/78 MP: 8/8
  5087 | D:5      | Found a runed translucent door.
  5088 | D:5      | Noticed Crazy Yiuf
  5190 | D:5      | Found the +5 robe of Misfortune {*Contam Harm *Corrode
                  | *Drain *Slow EV+5}
  5216 | D:5      | Reached skill level 10 in Axes
  5351 | D:5      | Killed Crazy Yiuf
  5534 | D:6      | Noticed Menkaure
  5547 | D:6      | Killed Menkaure
  5547 | D:6      | Reached *** piety under Trog
  5602 | D:6      | Noticed Dowan
  5604 | D:6      | Noticed Duvessa
  5852 | D:6      | Killed Dowan
  5852 | D:6      | Reached skill level 11 in Axes
  6087 | D:6      | Noticed Eustachio
  6094 | D:6      | Reached XP level 9. HP: 84/84 MP: 9/9
  6101 | D:6      | Killed Eustachio
  6265 | D:6      | Noticed a +0 dagger
  6266 | D:6      | Found a hide-covered altar of Uskayaw.
  6267 | D:6      | Noticed a +0 dagger
  6373 | D:6      | Killed Duvessa
  6809 | D:7      | Found Utecakil's Antique Armour Boutique.
  6936 | D:7      | Bought an ichor-stained robe for 119 gold pieces
  6936 | D:7      | Identified the +1 robe of the Morning Star {rF+ rCorr} (You
                  | bought it in a shop on level 7 of the Dungeon)
  6977 | D:7      | Reached skill level 12 in Axes
  7149 | D:7      | Found a burning altar of Makhleb.
  7205 | D:7      | Reached skill level 5 in Fighting
  8534 | D:8      | Reached **** piety under Trog
  8963 | D:8      | Reached skill level 13 in Axes
  8963 | D:8      | Reached XP level 10. HP: 100/100 MP: 10/10
  9290 | D:9      | You fall into a shaft and drop 1 floor!
  9290 | D:10     | Entered Level 10 of the Dungeon
  9324 | D:9      | Got a clouded iron ring
  9707 | D:9      | Found Rithaol's Gadget Boutique.
  9970 | D:10     | Identified the ring of Zodaixum {rF- Str+9 Slay+4} (You
                  | found it on level 9 of the Dungeon)
 10137 | D:10     | Found a staircase to the Orcish Mines.
 10146 | D:10     | Reached skill level 14 in Axes
 10736 | D:11     | Noticed a red ugly thing
 10743 | D:11     | Killed a red ugly thing
 10743 | D:11     | Reached XP level 11. HP: 117/117 MP: 5/11
 10850 | D:11     | Noticed an unseen horror
 10855 | D:11     | Killed an unseen horror
 10855 | D:11     | Reached skill level 10 in Fighting
 11136 | D:11     | Found a staircase to the Lair.
 11138 | D:11     | Noticed an oklob plant
 11349 | D:11     | Noticed Fannar
 11357 | D:11     | Killed Fannar
 11357 | D:11     | Reached skill level 15 in Axes
 11663 | D:11     | Found a sacrificial altar of Ru.
 12275 | D:12     | Noticed an unseen horror
 12285 | D:12     | Killed an unseen horror
 12401 | D:12     | Noticed Erolcha
 12407 | D:12     | Killed Erolcha
 12586 | D:12     | Noticed Nergalle
 12593 | D:12     | Killed Nergalle
 12593 | D:12     | Reached skill level 1 in Maces & Flails
 12889 | D:12     | Reached ***** piety under Trog
 12978 | D:12     | Noticed an unseen horror
 12981 | D:12     | Killed an unseen horror
 13299 | D:12     | Noticed a cyclops
 13304 | D:12     | Killed a cyclops
 13361 | D:12     | Reached XP level 12. HP: 75/132 MP: 12/12
 13742 | Lair:1   | Entered Level 1 of the Lair of Beasts
 13851 | Lair:1   | Reached skill level 5 in Maces & Flails
 13855 | D:11     | HP: 5/198 [wolf (6)]
 13856 | D:11     | HP: 1/198 [wolf (4)]
 13857 | D:11     | Slain by a wolf

Illustrated notes

Levels and vault maps discovered:
D:1:      lightli_arrival_isolated_outpost, layout_basic, minmay_pentomino_v4
D:2:      layout_basic, grunt_temple_overflow_diamond
D:3:      layout_loops_ring, regret_index_temple_of_mockery,
          gammafunk_ghost_cemetery, moated_statue, fedhas_altar_fruit_tree,
          uniq_jessica, uniq_sigmund
D:4:      layout_basic, minmay_temple_entry_mist, gammafunk_ghost_grave
D:5:      layout_gridville, uniq_pikel, uniq_crazy_yiuf_cottage
D:6:      layout_cave_pools, dancing_weapons_uskayaw, serial_glass,
          glass_columns_a, glass_columns_a, uniq_menkaure, uniq_eustachio,
          uniq_duvessa
D:7:      layout_loops_ring, basic_altar, serial_shops, nicolae_shop_stone
D:8:      layout_basic, moated_statue
D:9:      layout_basic, serial_shops, shop, tgw_trog
D:10:     layout_roguey, david_orc_2, hangedman_decor_diamond_cutter,
          grunt_decor_resistance
D:11:     layout_long_grid, dpeg_oklobed_lair, nicolae_ru_path_of_blood,
          uniq_fannar
D:12:     layout_long_grid, onia_ninara_cookie, uniq_nergalle, uniq_erolcha
Lair:1:   layout_regular_city, lemuel_fruit_fields, grunt_megastairs_2,
          infiniplex_staircase_pool

Skill      XL: |  1  2  3  4  5  6  7  8  9 10 11 12 |
---------------+-------------------------------------+-----
Axes           | 4 5 6 7 9 11 13 14 15 | 15.3
Fighting       | 6 9 11 12 | 12.0
Maces & Flails | 4 5 |  5.1
Dodging        | |  2.6

Action                   |  1- 3 |  4- 6 |  7- 9 | 10-12 || total
-------------------------+-------+-------+-------+-------++-------
Melee: Hand axe          |    91 |    63 |       |       ||   154
       War axe           |       |    19 |   268 |   147 ||   434
       Giant spiked club |       |       |       |    45 ||    45
Invok: Berserk           |     4 |     8 |    22 |    14 ||    48
       Trog's Hand       |       |     1 |     3 |       ||     4
  Use: Scroll            |       |     2 |     4 |    16 ||    22
       Potion            |       |     2 |     5 |       ||     7
 Stab: Sleeping          |     1 |       |       |       ||     1
       Invisible         |       |       |     2 |       ||     2
Armor: Animal skin       |    37 |    15 |    24 |       ||    76
       Robe              |       |       |    27 |    29 ||    56
Dodge: Dodged            |    55 |    31 |   172 |    73 ||   331

Table legend: (Time is in decaauts)
 A = Elapsed time spent in this place.
 B = Non-inter-level travel time spent in this place.
 C = Inter-level travel time spent in this place.
 D = Time resting spent in this place.
 E = Time spent auto-exploring this place.
 F = Levels seen in this place.
 G = Mean time per level.
                   A        B        C        D        E       F      G
               +--------+--------+--------+--------+--------+-----+--------+
         Total |  14304 |  13728 |    576 |   5572 |   6535 |  13 | 1100.3 |
       Dungeon |  14296 |  13720 |    576 |   5572 |   6535 |  12 | 1191.3 |
          Lair |      8 |      8 |      0 |      0 |      0 |   1 |    8.0 |
               +--------+--------+--------+--------+--------+-----+--------+

Top non-repeatable levels by time:
     D:3: 1643 daAuts
    D:12: 1552 daAuts
    D:11: 1547 daAuts
     D:5: 1513 daAuts
     D:6: 1486 daAuts
     D:7: 1432 daAuts
     D:4: 1136 daAuts
     D:1: 985 daAuts
    D:10: 935 daAuts
     D:2: 765 daAuts
     D:8: 683 daAuts
     D:9: 614 daAuts
  Lair:1: 8 daAuts
